| TOP OF THE 1ST |
|
Miami (APP) Marlins batting - Pitching for Kingsport Mets : LHP David Salcido
|
|
Pitching: LHP David Salcido
|
|
|
Batting: RHB Robbie Gomez
|
0-0: Ball 1-0: Ball 2-0: Called Strike 2-1: Ball 3-1: Base on Balls
|
|
Batting: RHB Clark Meagher
|
0-0: Called Strike 0-1: Foul Ball, location: 2F 0-2: Ball 1-2: Foul Ball, location: 2F 1-2: Grounds into double play, 6-4-3 (Groundball, 6, EV 81.9 MPH)
|
|
Batting: RHB David Martin
|
0-0: Ball 1-0: Ball 2-0: Foul Ball, location: 2F 2-1: Ground out 5-3 (Groundball, 56S, EV 68.1 MPH)
|
| Top of the 1st over - 0 runs, 0 hits, 0 errors, 0 left on base; Miami (APP) 0 - Kingsport 0 |
| BOTTOM OF THE 1ST |
|
Kingsport Mets batting - Pitching for Miami (APP) Marlins : RHP Leon Valle
|
|
Pitching: RHP Leon Valle
|
|
|
Batting: RHB Michael Youngberry
|
0-0: Swinging Strike 0-1: Bunt missed! 0-2: Ball 1-2: Strikes out swinging
|
|
Batting: RHB Artyom Shavkunov
|
0-0: Ball 1-0: SINGLE (Groundball, 34D, EV 98.1 MPH)
|
|
Batting: SHB Tyler Maddux
|
0-0: Fly out, F4 (Popup, 4MD, EV 65.6 MPH)
|
|
Batting: SHB Nick Daigle
|
0-0: Fly out, F7 (Flyball, 78S, EV 86.2 MPH)
|
| Bottom of the 1st over - 0 runs, 1 hit, 0 errors, 1 left on base; Miami (APP) 0 - Kingsport 0 |
| TOP OF THE 2ND |
|
Miami (APP) Marlins batting - Pitching for Kingsport Mets : LHP David Salcido
|
|
Batting: RHB Rick English
|
0-0: Swinging Strike 0-1: Foul Ball, location: 2F 0-2: Ball 1-2: Strikes out swinging
|
|
Batting: LHB Tony Olmos
|
0-0: Swinging Strike 0-1: Ball 1-1: Called Strike 1-2: Ball 2-2: Ball 3-2: Fly out, F7 (Flyball, 7LS, EV 93.1 MPH)
|
|
Batting: RHB Axel Moltke
|
0-0: Called Strike 0-1: Ball 1-1: Ball 2-1: Swinging Strike 2-2: Foul Ball, location: 2F 2-2: Ground out 4-3 (Groundball, 4, EV 106.2 MPH)
|
| Top of the 2nd over - 0 runs, 0 hits, 0 errors, 0 left on base; Miami (APP) 0 - Kingsport 0 |
| BOTTOM OF THE 2ND |
|
Kingsport Mets batting - Pitching for Miami (APP) Marlins : RHP Leon Valle
|
|
Batting: RHB Enrique Aguirre
|
0-0: Called Strike 0-1: DOUBLE (Line Drive, 8LXD, EV 99.4 MPH)
|
|
Batting: RHB Sam Callahan
|
0-0: SINGLE (Groundball, 25, EV 66.9 MPH) (infield hit) Enrique Aguirre to third
|
|
Batting: RHB Chris Artz
|
0-0: Called Strike 0-1: Ball 1-1: Called Strike Sam Callahan is caught stealing 2nd base 2-4 1-2: Ball 2-2: Ball 3-2: Fly out, F4 (Popup, 4S, EV 72.5 MPH)
|
|
Batting: SHB Adonis Jones
|
0-0: Ball 1-0: Swinging Strike 1-1: Ground out 6-3 (Groundball, 6S, EV 80.0 MPH)
|
| Bottom of the 2nd over - 0 runs, 2 hits, 0 errors, 1 left on base; Miami (APP) 0 - Kingsport 0 |
| TOP OF THE 3RD |
|
Miami (APP) Marlins batting - Pitching for Kingsport Mets : LHP David Salcido
|
|
Batting: RHB Terrell Smith
|
0-0: Ball 1-0: Fly out, F7 (Flyball, 7, EV 98.8 MPH)
|
|
Batting: RHB Hikaru Nakata
|
0-0: Ball 1-0: Ground out 6-3 (Groundball, 6MD, EV 90.6 MPH)
|
|
Batting: RHB Aaron Mamer
|
0-0: Ground out 4-3 (Groundball, 4, EV 78.8 MPH)
|
| Top of the 3rd over - 0 runs, 0 hits, 0 errors, 0 left on base; Miami (APP) 0 - Kingsport 0 |
| BOTTOM OF THE 3RD |
|
Kingsport Mets batting - Pitching for Miami (APP) Marlins : RHP Leon Valle
|
|
Batting: SHB Josh Thomson
|
0-0: Ball 1-0: Ball 2-0: Ball 3-0: Called Strike 3-1: SINGLE (Groundball, 34D, EV 101.2 MPH) (infield hit)
|
|
Batting: RHB Michael Youngberry
|
0-0: Ball 1-0: Foul Ball, location: 2F 1-1: Called Strike 1-2: Ball 2-2: Ball 3-2: DOUBLE (Groundball, 5L, EV 105.6 MPH) Josh Thomson to third Josh Thomson scores
|
|
Batting: RHB Artyom Shavkunov
|
0-0: Ball 1-0: Ball 2-0: Foul Ball, location: 2F 2-1: SINGLE (Groundball, 56D, EV 97.5 MPH) Michael Youngberry to third Runner from 3rd tries for Home, SAFE, throw by LF to home
|
|
Batting: SHB Tyler Maddux
|
0-0: Ball 1-0: Foul Ball, location: 2F 1-1: Ball 2-1: Foul Ball, location: 2F 2-2: Ball 3-2: Base on Balls Artyom Shavkunov to second
|
|
Batting: SHB Nick Daigle
|
0-0: Ball 1-0: Foul Ball, location: 2F 1-1: Fly out, F5 (Popup, 5F, EV 64.4 MPH)
|
|
Batting: RHB Enrique Aguirre
|
0-0: Fly out, F9 (Line Drive, 9S, EV 96.9 MPH)
|
|
Batting: RHB Sam Callahan
|
0-0: Fielders Choice at 2nd, 6-4 (Groundball, 6, EV 88.8 MPH)
|
| Bottom of the 3rd over - 2 runs, 3 hits, 0 errors, 2 left on base; Miami (APP) 0 - Kingsport 2 |
| TOP OF THE 4TH |
|
Miami (APP) Marlins batting - Pitching for Kingsport Mets : LHP David Salcido
|
|
Batting: RHB Robbie Gomez
|
0-0: Called Strike 0-1: Ball 1-1: Foul Ball, location: 2F 1-2: Strikes out swinging
|
|
Batting: RHB Clark Meagher
|
0-0: Ball 1-0: Called Strike 1-1: Foul Ball, location: 2F 1-2: Strikes out swinging
|
|
Batting: RHB David Martin
|
0-0: Ball 1-0: Called Strike 1-1: Called Strike 1-2: Strikes out swinging
|
| Top of the 4th over - 0 runs, 0 hits, 0 errors, 0 left on base; Miami (APP) 0 - Kingsport 2 |
| BOTTOM OF THE 4TH |
|
Kingsport Mets batting - Pitching for Miami (APP) Marlins : RHP Leon Valle
|
|
Batting: RHB Chris Artz
|
0-0: Called Strike 0-1: Ball 1-1: Ball 2-1: Reached on error, E6 (Groundball, 6MS, EV 61.2 MPH)
|
|
Batting: SHB Adonis Jones
|
0-0: Ground out U3 (Groundball, 3, EV 86.9 MPH) Chris Artz to third
|
|
Batting: SHB Josh Thomson
|
0-0: Ball 1-0: Ground out 5-3 (Groundball, 56, EV 83.8 MPH) Chris Artz scores
|
|
Batting: RHB Michael Youngberry
|
0-0: Called Strike 0-1: Foul Ball, location: 2F 0-2: Foul Ball, location: 2F 0-2: Ball 1-2: Ball 2-2: Strikes out swinging
|
| Bottom of the 4th over - 1 run, 0 hits, 1 error, 0 left on base; Miami (APP) 0 - Kingsport 3 |
| TOP OF THE 5TH |
|
Miami (APP) Marlins batting - Pitching for Kingsport Mets : LHP David Salcido
|
|
Batting: RHB Rick English
|
0-0: Ball 1-0: Called Strike 1-1: Called Strike 1-2: Ball 2-2: Ball 3-2: Foul Ball, location: 2F 3-2: Foul Ball, location: 2F 3-2: DOUBLE (Line Drive, 3D, EV 95.0 MPH)
|
|
Batting: LHB Tony Olmos
|
0-0: Foul Ball, location: 2F 0-1: Ball 1-1: 2-RUN HOME RUN (Flyball, 9D, EV 95.6 MPH), Distance : 360 ft
|
|
Batting: RHB Axel Moltke
|
0-0: Called Strike 0-1: Ball 1-1: Ball 2-1: Hit by Pitch
|
|
Batting: RHB Terrell Smith
|
0-0: Ball 1-0: 2-RUN HOME RUN (Flyball, 7D, EV 102.5 MPH), Distance : 403 ft
|
|
Batting: RHB Hikaru Nakata
|
0-0: Ball 1-0: Fly out, F7 (Flyball, 7, EV 90.6 MPH)
|
|
Batting: RHB Aaron Mamer
|
0-0: Ball 1-0: Ground out 6-3 (Groundball, 6, EV 83.8 MPH)
|
|
Batting: RHB Robbie Gomez
|
0-0: Reached on error, E6 (Groundball, 6, EV 86.2 MPH)
|
|
Batting: RHB Clark Meagher
|
0-0: Called Strike 0-1: Called Strike 0-2: Ball 1-2: Foul Ball, location: 2F 1-2: Ball 2-2: SINGLE (Groundball, 5S, EV 65.6 MPH) (infield hit) Robbie Gomez to second
|
|
Batting: RHB David Martin
|
0-0: Called Strike 0-1: Ball 1-1: Ball 2-1: Foul Ball, location: 2F 2-2: Fielders Choice at 2nd, 6-4 (Groundball, 6, EV 92.5 MPH)
|
| Top of the 5th over - 4 runs, 4 hits, 1 error, 2 left on base; Miami (APP) 4 - Kingsport 3 |
| BOTTOM OF THE 5TH |
|
Kingsport Mets batting - Pitching for Miami (APP) Marlins : RHP Leon Valle
|
|
Batting: RHB Artyom Shavkunov
|
0-0: Called Strike 0-1: Ball 1-1: Ball 2-1: Ground out U3 (Groundball, 3S, EV 87.5 MPH)
|
|
Batting: SHB Tyler Maddux
|
0-0: Ball 1-0: Ball 2-0: Ball 3-0: Called Strike 3-1: Ground out 4-3 (Groundball, 4, EV 84.4 MPH)
|
|
Batting: SHB Nick Daigle
|
0-0: Ball 1-0: Swinging Strike 1-1: Foul Ball, location: 2F 1-2: Ball 2-2: Foul Ball, location: 2F 2-2: Foul Ball, location: 2F 2-2: Ball 3-2: Foul Ball, location: 2F 3-2: Base on Balls
|
|
Batting: RHB Enrique Aguirre
|
0-0: Called Strike Nick Daigle is caught stealing 2nd base 2-4
|
| Bottom of the 5th over - 0 runs, 0 hits, 0 errors, 0 left on base; Miami (APP) 4 - Kingsport 3 |
| TOP OF THE 6TH |
|
Miami (APP) Marlins batting - Pitching for Kingsport Mets : LHP David Salcido
|
|
Batting: RHB Rick English
|
0-0: Foul Ball, location: 2F 0-1: Ball 1-1: SINGLE (Groundball, 6MD, EV 101.9 MPH)
|
|
Batting: LHB Tony Olmos
|
0-0: Swinging Strike 0-1: Called Strike 0-2: Ball 1-2: Ball 2-2: Foul Ball, location: 2F 2-2: Grounds into double play, 4-6-3 (Groundball, 34D, EV 86.2 MPH)
|
|
Batting: RHB Axel Moltke
|
0-0: Ball 1-0: Called Strike 1-1: Foul Ball, location: 2F 1-2: Foul Ball, location: 2F 1-2: Strikes out looking
|
| Top of the 6th over - 0 runs, 1 hit, 0 errors, 0 left on base; Miami (APP) 4 - Kingsport 3 |
| BOTTOM OF THE 6TH |
|
Kingsport Mets batting - Pitching for Miami (APP) Marlins : RHP Leon Valle
|
|
Pitching: LHP Matt Boehm
|
|
|
Batting: RHB Enrique Aguirre
|
0-0: Ball 1-0: Foul Ball, location: 2F 1-1: Called Strike 1-2: Hit by Pitch
|
|
Batting: RHB Sam Callahan
|
0-0: Swinging Strike 0-1: Foul Ball, location: 2F 0-2: Strikes out swinging
|
|
Batting: RHB Chris Artz
|
0-0: Called Strike 0-1: Foul Ball, location: 2F 0-2: Ball 1-2: Foul Ball, location: 2F 1-2: Foul Ball, location: 2F 1-2: Strikes out looking
|
|
Batting: SHB Adonis Jones
|
0-0: Called Strike 0-1: Foul Ball, location: 2F 0-2: Ball 1-2: Strikes out looking
|
| Bottom of the 6th over - 0 runs, 0 hits, 0 errors, 1 left on base; Miami (APP) 4 - Kingsport 3 |
| TOP OF THE 7TH |
|
Miami (APP) Marlins batting - Pitching for Kingsport Mets : LHP David Salcido
|
|
Pitching: RHP Ruben Lozano
|
|
|
Batting: RHB Terrell Smith
|
0-0: Ball 1-0: Ball 2-0: Fly out, F7 (Flyball, 78D, EV 99.4 MPH)
|
|
Batting: RHB Hikaru Nakata
|
0-0: Ball 1-0: Called Strike 1-1: Swinging Strike 1-2: Strikes out swinging, 2-3 out at first.
|
|
Batting: RHB Aaron Mamer
|
0-0: Called Strike 0-1: Foul Ball, location: 2F 0-2: Ball 1-2: Ball 2-2: Foul Ball, location: 2F 2-2: Ball 3-2: Strikes out looking
|
| Top of the 7th over - 0 runs, 0 hits, 0 errors, 0 left on base; Miami (APP) 4 - Kingsport 3 |
| BOTTOM OF THE 7TH |
|
Kingsport Mets batting - Pitching for Miami (APP) Marlins : LHP Matt Boehm
|
|
Batting: SHB Josh Thomson
|
0-0: Swinging Strike 0-1: Ball 1-1: Foul Ball, location: 2F 1-2: Strikes out looking
|
|
Batting: RHB Michael Youngberry
|
0-0: Ball 1-0: Foul Ball, location: 2F 1-1: Swinging Strike 1-2: Foul Ball, location: 2F 1-2: Strikes out swinging
|
|
Batting: RHB Artyom Shavkunov
|
0-0: Ball 1-0: Ground out U3 (Groundball, 3, EV 80.0 MPH)
|
| Bottom of the 7th over - 0 runs, 0 hits, 0 errors, 0 left on base; Miami (APP) 4 - Kingsport 3 |
| TOP OF THE 8TH |
|
Miami (APP) Marlins batting - Pitching for Kingsport Mets : RHP Ruben Lozano
|
|
Batting: RHB Robbie Gomez
|
0-0: Ball 1-0: Ball 2-0: Ball 3-0: Called Strike 3-1: Base on Balls
|
|
Batting: RHB Clark Meagher
|
0-0: Ball 1-0: Foul Ball, location: 2F 1-1: Swinging Strike 1-2: Fly out, F4 (Popup, 3D, EV 73.1 MPH)
|
|
Batting: RHB David Martin
|
0-0: Called Strike 0-1: Swinging Strike 0-2: Foul Ball, location: 2F 0-2: Strikes out swinging Robbie Gomez is caught stealing 2nd base 2-4 Batter strikes out.
|
| Top of the 8th over - 0 runs, 0 hits, 0 errors, 0 left on base; Miami (APP) 4 - Kingsport 3 |
| BOTTOM OF THE 8TH |
|
Kingsport Mets batting - Pitching for Miami (APP) Marlins : LHP Matt Boehm
|
|
Batting: SHB Tyler Maddux
|
0-0: Called Strike 0-1: Ball 1-1: Swinging Strike 1-2: Ground out 6-3 (Groundball, 6, EV 83.8 MPH)
|
|
Batting: SHB Nick Daigle
|
0-0: Ball 1-0: Fly out, F8 (Flyball, 8LXD, EV 98.8 MPH)
|
|
Batting: RHB Enrique Aguirre
|
0-0: Ball 1-0: Called Strike 1-1: Swinging Strike 1-2: Ball 2-2: Foul Ball, location: 2F 2-2: Foul Ball, location: 2F 2-2: Hit by Pitch
|
|
Pitching: RHP Franklin Vazquez
|
|
|
Batting: RHB Sam Callahan
|
0-0: Ball 1-0: Swinging Strike 1-1: Fly out, F8 (Flyball, 8LD, EV 106.9 MPH)
|
| Bottom of the 8th over - 0 runs, 0 hits, 0 errors, 1 left on base; Miami (APP) 4 - Kingsport 3 |
| TOP OF THE 9TH |
|
Miami (APP) Marlins batting - Pitching for Kingsport Mets : RHP Ruben Lozano
|
|
Batting: RHB Rick English
|
0-0: Ball 1-0: Ball 2-0: Called Strike 2-1: Foul Ball, location: 2F 2-2: Strikes out swinging
|
|
Batting: LHB Tony Olmos
|
0-0: Ball 1-0: Called Strike 1-1: Foul Ball, location: 2F 1-2: Foul Ball, location: 2F 1-2: Ground out 4-3 (Groundball, 4, EV 88.8 MPH)
|
|
Batting: RHB Axel Moltke
|
0-0: Ball 1-0: Called Strike 1-1: Fly out, F4 (Popup, 3DF, EV 60.6 MPH)
|
| Top of the 9th over - 0 runs, 0 hits, 0 errors, 0 left on base; Miami (APP) 4 - Kingsport 3 |
| BOTTOM OF THE 9TH |
|
Kingsport Mets batting - Pitching for Miami (APP) Marlins : RHP Franklin Vazquez
|
|
Pitching: RHP Cesar Jimenez
|
|
|
Batting: RHB Chris Artz
|
0-0: Ball 1-0: Swinging Strike 1-1: Ball 2-1: Foul Ball, location: 2F 2-2: SINGLE (Groundball, 6D, EV 97.5 MPH)
|
|
Batting: SHB Adonis Jones
|
0-0: Called Strike 0-1: Hit by Pitch Chris Artz to second
|
|
Batting: SHB Josh Thomson
|
0-0: Fly out, F7 (Flyball, 7S, EV 85.0 MPH)
|
|
Pinch Hitting: SHB Keith Casner
|
0-0: Foul Ball, location: 2F 0-1: Ball 1-1: Foul Ball, location: 2F 1-2: Ball 2-2: Ball 3-2: SINGLE (Groundball, 56, EV 95.6 MPH) Chris Artz to third Adonis Jones to second Runner from 3rd tries for Home, SAFE, throw by LF to home
|
|
Batting: RHB Artyom Shavkunov
|
0-0: Foul Ball, location: 2F 0-1: Ball 1-1: Foul Ball, location: 2F 1-2: SINGLE (Groundball, 4MD, EV 103.8 MPH) Adonis Jones to third Keith Casner to second
|
|
Batting: SHB Tyler Maddux
|
0-0: Called Strike 0-1: Ball 1-1: Ball 2-1: Swinging Strike 2-2: Fly out, F8 (Flyball, 8LXD, EV 103.8 MPH) Runner from 3rd tags up, SCORES, no throw by CF
|
| Bottom of the 9th over - 2 runs, 3 hits, 0 errors, 2 left on base; Miami (APP) 4 - Kingsport 5 |
|